AoeStats
← b_birds

Arena

509139638Analyzed
3v3 RM · 7d ago on Sep 25, 2026· 56m 49s· 6 players
Game mode
Random Map
Map size
Normal (6 player)
Population
200
Speed
Normal
Resources
Standard
Victory
Conquest
Starting age
Dark Age
Ending age
Imperial Age
RankedLock teamsTeams togetherTeam positionsShared explorationLock speedFull tech treeHidden civsTurbo modeCheats
Victory
Defeat
🇪🇸 Portuguese · Spain
797
+11
🇪🇸 Lithuanians · Spain
760
+12
🇬🇧 Franks · United Kingdom
688
+16
🇨🇦 Franks · Canada
800
-45
🇨🇦 Cumans · Canada
648
-12
🇨🇦 Spanish · Canada
592
-11
b_birds
9:59 Feudal Age
12:21 Double-Bit Axe
15:36 Man-at-Arms
23:00 Castle Age
22:06 Gold Mining
24:30 Wheelbarrow
24:05 Scale Barding Armor
24:01 Padded Archer Armor
23:52 Fletching
24:04 Scale Mail Armor
24:16 Forging
24:16 Husbandry
25:59 Stone Mining
27:09 Bow Saw
29:27 Gold Shaft Mining
30:52 Chain Barding Armor
30:49 Chain Mail Armor
35:39 Hand Cart
39:07 Imperial Age
39:15 Imperial Age
39:33 Bodkin Arrow
40:14 Iron Casting
39:55 Leather Archer Armor
40:17 Conscription
40:00 Chivalry
42:54 Hoardings
41:42 Elite Throwing Axeman
43:21 Cavalier
43:32 Heavy Mounted Crossbowman
43:35 Cranequins
45:17 Ordonnance Companies
48:20 Paladin
50:51 Masonry
50:53 Fortified Wall
50:39 Murder Holes
54:02 Plate Barding Armor
53:58 Plate Mail Armor
54:08 Architecture
Sirmordor15
10:56 Feudal Age
17:03 Castle Age
16:23 Double-Bit Axe
17:30 Gold Mining
18:01 Loom
19:23 Town Watch
22:12 Wheelbarrow
23:32 Bow Saw
24:10 Stone Mining
24:11 Horse Collar
29:26 Imperial Age
27:22 Heavy Plow
27:37 Forging
28:41 Stone Shaft Mining
28:48 Hand Cart
30:58 Town Patrol
32:40 Chemistry
32:01 Ballistics
31:59 Masonry
31:45 Murder Holes
32:48 Husbandry
34:39 Squires
34:47 Scale Barding Armor
36:22 Chain Barding Armor
37:24 Cavalier
39:39 Paladin
42:03 Bloodlines
42:31 Plate Barding Armor
42:32 Iron Casting
46:54 Two-Man Saw
47:18 Conscription
48:22 Padded Archer Armor
48:12 Fletching
48:23 Scale Mail Armor
51:50 Hoardings
52:08 Architecture
53:36 Capped Ram
54:52 Crop Rotation
55:40 Treadmill Crane
56:51 Leather Archer Armor
56:32 Bodkin Arrow
56:53 Chain Mail Armor
benyicou
12:32 Feudal Age
14:06 Double-Bit Axe
16:26 Castle Age
14:37 Horse Collar
22:03 Imperial Age
22:32 Bow Saw
23:21 Wheelbarrow
24:43 Loom
26:27 Two-Man Saw
25:32 Heavy Plow
29:14 Chemistry
28:35 Ballistics
29:56 Hand Cart
29:28 Town Watch
30:06 Gold Mining
31:15 Stone Mining
31:48 Siege Engineers
31:56 Fortified Wall
33:17 Scale Barding Armor
33:13 Padded Archer Armor
33:59 Elite Organ Gun
35:00 Conscription
36:11 Arquebus
43:23 Chain Barding Armor
43:15 Forging
42:55 Fletching
43:23 Bloodlines
43:14 Husbandry
42:34 Light Cavalry
Qc V1nn1 R4Y
15:11 Feudal Age
13:29 Loom
16:22 Double-Bit Axe
18:00 Horse Collar
19:10 Gold Mining
23:21 Castle Age
25:45 Heavy Plow
28:10 Stone Mining
28:39 Bow Saw
29:45 Fortified Wall
29:56 Ballistics
30:22 Wheelbarrow
32:07 Hand Cart
31:57 Town Watch
35:49 Imperial Age
35:55 Elite Conquistador
36:01 Onager
37:00 Forging
36:51 Scale Mail Armor
36:56 Scale Barding Armor
36:42 Fletching
36:52 Padded Archer Armor
ChaPlotte QC
13:05 Feudal Age
16:02 Wheelbarrow
20:56 Castle Age
21:02 Scale Mail Armor
23:48 Gold Mining
23:49 Stone Mining
27:22 Double-Bit Axe
27:07 Crossbowman
29:36 Hand Cart
33:30 Caravan
34:02 Coinage
35:19 Scale Barding Armor
35:15 Padded Archer Armor
35:06 Fletching
35:27 Forging
35:32 Chain Mail Armor
39:22 Imperial Age
40:33 Chivalry
39:54 Ordonnance Companies
40:17 Cavalier
41:38 Ordonnance Companies
bikerbouv
1:59 Loom
9:46 Feudal Age
10:19 Double-Bit Axe
11:09 Gold Mining
12:11 Wheelbarrow
23:23 Castle Age
23:11 Stone Mining
25:04 Hand Cart
24:38 Town Watch
25:52 Bow Saw
26:21 Gold Shaft Mining
25:28 Horse Collar
27:46 Fletching
28:05 Scale Barding Armor
28:52 Heavy Plow
29:24 Bodkin Arrow
29:54 Steppe Husbandry
32:54 Ballistics
32:30 Murder Holes
33:33 Caravan
34:17 Chain Barding Armor
37:04 Imperial Age
35:37 Masonry
36:22 Bloodlines
36:23 Town Patrol
38:36 Plate Barding Armor
38:50 Parthian Tactics
38:46 Heavy Cavalry Archer
42:21 Two-Man Saw
42:26 Chemistry
40:54 Light Cavalry
46:39 Hussar
Connection lost

Rejoining the realm…

Still unreachable

The connection could not be restored.

Session expired

The server has moved on; the page needs a fresh start.